 Dungeon Crawl Stone Soup version 0.21-a0-265-gb353147 (webtiles) character file.

1465 tidbits the Charlatan (level 8, -1/62 (63) HPs)
             Began as a Pale Draconian Necromancer on Sept 11, 2017.
             Was a Believer of Makhleb.
             Killed by divine providence
             ... invoked by an orc priest
              (14 damage)
             ... on level 6 of the Dungeon.
             The game lasted 00:34:08 (3304 turns).

tidbits the Charlatan (Pale Draconian Necromancer)  Turns: 3304, Time: 00:34:09

HP:   -1/62 (63)    AC: 10    Str: 14    XL:     8   Next: 48%
MP:   1/13          EV: 12    Int: 16    God:    Makhleb [**....]
Gold: 266           SH:  0    Dex: 14    Spells: 6/14 levels left

rFire    . . .     SeeInvis .   a - +4 dagger (venom)
rCold    . . .     Gourm    .   (no shield)
rNeg     . . .     Faith    .   (armour unavailable)
rPois    .         Spirit   .   (helmet restricted)
rElec    .         Reflect  .   C - +2 cloak {+Inv}
rCorr    .         Harm     .   G - +0 pair of gloves
MR       .....                  (no boots)
Stlth    ++........             (no amulet)
HPRegen  0.20/turn              v - +4 ring of strength
MPRegen  0.13/turn              (no ring)

@: no status effects
A: breathe steam, unfitting armour, cold-blooded, AC +6
a: Breathe Steam, Minor Destruction, Renounce Religion, Evoke Invisibility


You were on level 6 of the Dungeon.
You worshipped Makhleb.
Makhleb was pleased with you.
You were near starving.

You visited 1 branch of the dungeon, and saw 7 of its levels.

You collected 266 gold pieces.

Inventory:

Hand Weapons
 a - a +4 dagger of venom (weapon)
   (You took it off Dowan on level 4 of the Dungeon)
 g - a +0 club
 l - a +0 whip
 o - a +4 dagger
 r - a +3 quarterstaff of chaos
   (You took it off Crazy Yiuf on level 4 of the Dungeon)
 y - a +0 short sword
 D - a +0 rapier
Missiles
 d - 26 stones (quivered)
 e - 40 sling bullets
 h - 6 tomahawks
 i - 73 arrows
 j - 33 poisoned needles
 k - 33 bolts
Armour
 C - a +2 cloak of invisibility (worn)
   (You took it off Crazy Yiuf on level 4 of the Dungeon)
 G - a +0 pair of gloves (worn)
Jewellery
 v - a +4 ring of strength (left hand)
   (You found it on level 5 of the Dungeon)
Wands
 p - a wand of random effects (32/48)
 u - a wand of scattershot (0/9)
Scrolls
 n - a scroll of recharging
 z - 3 scrolls of remove curse
Potions
 m - a potion of haste {unknown}
 q - a potion of ambrosia
 t - 2 potions of brilliance
 A - a potion of cancellation {unknown}
 B - a potion of might
Books
 f - a book of Necromancy

   Spells                             Type                      Level
   a - Pain                           Necromancy                   1
   b - Animate Skeleton               Necromancy                   1
   c - Vampiric Draining              Necromancy                   3
   d - Regeneration                   Charms/Necromancy            3
   e - Animate Dead                   Necromancy                   4
   f - Control Undead                 Necromancy                   4
Comestibles
 b - 3 bread rations
 c - 5 royal jellies
 s - 5 meat rations
 x - 3 fruits


   Skills:
 - Level 3.2 Fighting
 - Level 1.7 Dodging
 - Level 1.7 Stealth
 - Level 3.8 Spellcasting
 - Level 6.6 Necromancy
 - Level 4.2 Invocations
 + Level 6.9 Evocations


You had 6 spell levels left.
You knew the following spells:

 Your Spells              Type           Power        Failure   Level  Hunger
n - Animate Skeleton      Necr           N/A          1%          1    None
r - Regeneration          Chrm/Necr      ##........   13%         3    ###....
v - Vampiric Draining     Necr           ###.......   3%          3    ###....
z - Pain                  Necr           ###.         1%          1    None


Dungeon Overview and Level Annotations

Branches:
Dungeon (7/15)             Temple (0/1) D:5

Altars:
Ashenzari
Dithmenos
Gozag
Makhleb
Nemelex Xobeh
Qazlal
Sif Muna
Xom
Zin

Annotations:
D:3 2 transporters, namelastname112's ghost, amateur DrHu


Innate Abilities, Weirdness & Mutations

You can breathe blasts of scalding, opaque steam.
Your pale cyan-grey scales are hard. (AC +6)
You cannot fit into any form of body armour.
You are cold-blooded and may be slowed by cold attacks.


Message History

An orc priest comes into view. It is wielding a mace.
The orc priest shouts!
The orc shouts!
Found a meat ration.
The orc priest shouts!
You hit the phantom.
Your tail-slap misses the phantom.
The phantom is almost destroyed.
The phantom blinks!
You barely miss the orc. You tail-slap the orc.
The orc is moderately wounded.
The orc closely misses you.
You hit the orc.
The orc is severely wounded.
You puncture the phantom!
You destroy the phantom!
Makhleb accepts your kill.
You can now harness Makhleb's destructive might.
You hit the orc.
You kill the orc!
Makhleb accepts your kill.
The orc priest looks encouraged for a moment.
The orc priest invokes the aid of Beogh against you.
Beogh smites you!
Things that are here:
a war axe; an orc corpse You completely miss the orc priest.
Your tail-slap misses the orc priest.
The orc priest barely misses you.
Casting: Vampiric Draining
Confirm with . or Enter, or press ? or * to list all spells.
Aiming: Vampiric Draining
Press: ? - help, Shift-Dir - straight line, f - orc priest
Aim: an orc priest, wielding a flail of protection The orc priest is heavily wounded.
You feel life coursing into your body.
The orc priest looks encouraged for a moment.
The orc priest invokes the aid of Beogh against you.
You struggle to resist.
You closely miss the orc priest.
You tail-slap the orc priest, but do no damage.
The orc priest is heavily wounded.
The orc priest hits you with a mace.
The orc priest invokes the aid of Beogh against you.
Pain shoots through your body!
You barely miss the orc priest.
The orc priest is heavily wounded.
The orc priest mumbles some strange prayers to Beogh against you.
Pain shoots through your body!
* * * LOW HITPOINT WARNING * * *
The orc priest misses you.
Casting: Vampiric Draining
Confirm with . or Enter, or press ? or * to list all spells.
Aiming: Vampiric Draining
Press: ? - help, Shift-Dir - straight line, f/p - orc priest
Aim: an orc priest, wielding a flail of protection (heavily wounded)
The orc priest is almost dead.
You feel life coursing into your body. The orc priest completely misses you.
The orc priest hits you with a mace.
* * * LOW HITPOINT WARNING * * *
Unknown command.
Casting: Vampiric Draining
Confirm with . or Enter, or press ? or * to list all spells.
Aiming: Vampiric Draining
Press: ? - help, Shift-Dir - straight line, f/p - orc priest
Aim: an orc priest, wielding a flail of protection (almost dead)
You kill the orc priest!
Makhleb accepts your kill.
You feel life coursing into your body.
You are near starving!
The orc priest calls down the wrath of Beogh upon you.
You struggle to resist.
Casting: Vampiric Draining
Confirm with . or Enter, or press ? or * to list all spells.
Aiming: Vampiric Draining
Press: ? - help, Shift-Dir - straight line, f - orc priest
Aim: an orc priest, wielding a mace and wearing a ring mail The orc priest is heavily wounded.
You feel life coursing into your body.
The orc priest looks encouraged for a moment.
You closely miss the orc priest.
The orc priest is heavily wounded.
The orc priest hits you with a mace!
* * * LOW HITPOINT WARNING * * *
You hit the orc priest but do no damage.
The orc priest is poisoned.
You tail-slap the orc priest, but do no damage.
The orc priest is heavily wounded.
You hit the orc priest but do no damage.
The orc priest looks even sicker.
The orc priest is heavily wounded.
The orc priest invokes the aid of Beogh against you.
Beogh smites you!
* * * LOW HITPOINT WARNING * * *
Casting: Vampiric Draining
Confirm with . or Enter, or press ? or * to list all spells.
Aiming: Pain
Press: ? - help, Shift-Dir - straight line, f/p - orc priest
Aim: an orc priest, wielding a mace and wearing a ring mail (heavily wounded, poisoned, chance to defeat MR: 83%)
The orc priest writhes in agony!
The orc priest invokes the aid of Beogh against you.
Beogh smites you!
You die...

.# .# .# ########.#
#......#.#
#...)..#.######
######..............
#......>o...........
#.#####@##..........
#.##..Wo......
#.##.........%
...+..........
##.##..........
#..+..........
####..........


You could see an orc priest.

Vanquished Creatures
  Sigmund (D:5)
  Eustachio (D:4)
  Duvessa (D:4)
  A necrophage (D:6)
  A phantom (D:6)
  2 bullfrogs
  Dowan (D:4)
  2 bullfrog skeletons (D:5)
  Crazy Yiuf (D:4)
  3 orc priests
  A gnoll shaman (D:5)
  A hound (D:3)
  An orc wizard (D:4)
  Natasha (D:4)
  2 worker ants
  5 gnolls (D:5)
  9 adders
  An ooze (D:2)
  An adder zombie (D:5)
  2 worms
  2 dart slugs (D:1)
  4 leopard geckos
  5 orcs
  A ball python (D:1)
  14 giant cockroaches
  3 goblins
  10 hobgoblins
  22 jackals
  3 quokkas
  A ball python skeleton (D:4)
  8 bats
  3 frilled lizards
  5 kobolds
  5 rats
124 creatures vanquished.

Vanquished Creatures (collateral kills)
  Grinder (D:5)
  A dart slug (D:3)
  A leopard gecko (D:3)
  2 giant cockroaches (D:2)
  A goblin (D:1)
  A hobgoblin (D:2)
  A frilled lizard (D:2)
8 creatures vanquished.

Grand Total: 132 creatures vanquished

Notes
Turn   | Place    | Note
-------+----------+-------------------------------------------
     0 | D:1      | tidbits the Draconian Necromancer began the quest for the Orb.
     0 | D:1      | Reached XP level 1. HP: 14/14 MP: 3/3
   246 | D:1      | Learned a level 1 spell: Animate Skeleton
   260 | D:1      | Reached XP level 2. HP: 10/20 MP: 0/5
   505 | D:1      | HP: 1/20 [leopard gecko (3)]
   791 | D:1      | Reached XP level 3. HP: 9/26 MP: 2/6
   987 | D:1      | Learned a level 3 spell: Vampiric Draining
  1066 | D:2      | HP: 1/26 [jackal (2)]
  1073 | D:2      | HP: 1/26 [jackal (1)]
  1177 | D:2      | Found a stormy altar of Qazlal.
  1302 | D:2      | Reached skill level 3 in Spellcasting
  1302 | D:2      | Reached skill level 5 in Necromancy
  1302 | D:2      | Reached XP level 4. HP: 11/33 MP: 1/8
  1401 | D:2      | Found a deep blue altar of Sif Muna.
  1702 | D:3      | Found a burning altar of Makhleb.
  1704 | D:3      | Noticed a green death
  1708 | D:3      | Noticed an orange demon
  1708 | D:3      | Noticed a hellwing
  1710 | D:3      | Became a worshipper of Makhleb the Destroyer
  1798 | D:3      | Noticed namelastname112's ghost (amateur DrHu)
  1903 | D:4      | Noticed Eustachio
  1908 | D:4      | Killed Eustachio
  1908 | D:4      | Reached skill level 3 in Invocations
  1908 | D:4      | Reached XP level 5. HP: 32/38 MP: 9/9
  1908 | D:4      | Reached XP level 6. HP: 38/45 MP: 10/10
  1920 | D:3      | Reached skill level 4 in Invocations
  1981 | D:3      | Found a transporter.
  1996 | D:3      | Found a transporter.
  2053 | D:3      | Found a shattered altar of Ashenzari.
  2058 | D:3      | Found a shimmering altar of Xom.
  2058 | D:3      | Found a shadowy altar of Dithmenos.
  2058 | D:3      | Found a sparkling altar of Nemelex Xobeh.
  2277 | D:3      | Reached * piety under Makhleb
  2280 | D:3      | Found a glowing silver altar of Zin.
  2281 | D:3      | Found an opulent altar of Gozag.
  2416 | D:4      | Noticed Duvessa
  2426 | D:4      | Noticed Dowan
  2434 | D:4      | Killed Dowan
  2434 | D:4      | Reached skill level 6 in Necromancy
  2525 | D:4      | Killed Duvessa
  2525 | D:4      | Your scales start taking on a pale cyan-grey colour.
  2525 | D:4      | Reached XP level 7. HP: 22/50 MP: 0/12
  2564 | D:4      | Learned a level 3 spell: Regeneration
  2633 | D:4      | Noticed Natasha
  2635 | D:4      | Killed Natasha
  2635 | D:4      | Reached skill level 1 in Fighting
  2665 | D:4      | Found a runed door.
  2669 | D:4      | Noticed Crazy Yiuf
  2674 | D:4      | Killed Crazy Yiuf
  2674 | D:4      | Reached skill level 2 in Fighting
  2771 | D:5      | Entered Level 5 of the Dungeon
  2816 | D:5      | Found a staircase to the Ecumenical Temple.
  2869 | D:5      | Reached skill level 3 in Fighting
  2902 | D:5      | Reached skill level 1 in Evocations
  2917 | D:5      | Reached skill level 2 in Evocations
  2951 | D:5      | Noticed Sigmund
  2960 | D:5      | Killed Sigmund
  2960 | D:5      | Reached skill level 3 in Evocations
  3005 | D:5      | Noticed Grinder
  3012 | D:5      | Reached skill level 4 in Evocations
  3012 | D:5      | Reached XP level 8. HP: 40/63 MP: 3/13
  3022 | D:5      | Killed Grinder
  3022 | D:5      | Reached skill level 5 in Evocations
  3208 | D:7      | Reached skill level 6 in Evocations
  3291 | D:6      | Reached ** piety under Makhleb
  3304 | D:6      | Killed from afar by an orc priest

Vault maps used:
D:1:      dpeg_arrival_three_same_balls
D:2:      minmay_roachtagon, old_standard_altar, nicolae_overflow_hidden_temple
D:3:      gammafunk_steamed_eel, grunt_temple_overflow_gold_and_silver,
          grunt_temple_overflow_open, makhleb_altar_promises_db
D:4:      nicolae_overflow_crystal_walls, portal_sewer_entry_d, uniq_eustachio,
          uniq_natasha, uniq_duvessa, uniq_crazy_yiuf_cottage
D:5:      cheibrodos_thug_alley, minmay_temple_entry_crystal_x, enter_ossuary_5,
          first_bread, uniq_grinder, uniq_prince_ribbit1, uniq_sigmund,
          uniq_edmund
D:6:      trog_wizard, uniq_menkaure
D:7:      lemuel_coloured_pillars_altar, serial_shops, nicolae_shop_crystal

Skill      XL: |  1  2  3  4  5  6  7  8 |
---------------+-------------------------+-----
Spellcasting   | 3 |  3.8
Necromancy     | 5 6 |  6.6
Invocations    | 3 4 |  4.2
Fighting       | 3 |  3.2
Evocations     | 4 6 |  6.9
Dodging        | |  1.7
Stealth        | |  1.7

Action                   |  1- 3 |  4- 6 |  7- 9 || total
-------------------------+-------+-------+-------++-------
Melee: Club              |     2 |       |       ||     2
       Unarmed           |     1 |       |       ||     1
       Short sword       |    12 |    83 |       ||    95
       Whip              |     3 |       |       ||     3
       Tailslap          |     2 |     5 |    15 ||    22
       Dagger            |       |     6 |   122 ||   128
       Rapier            |       |     5 |       ||     5
 Cast: Pain              |    77 |    72 |     8 ||   157
       Animate Skeleton  |     9 |    10 |     6 ||    25
       Vampiric Draining |       |    11 |    10 ||    21
       Regeneration      |       |       |     4 ||     4
 Abil: Breathe Steam     |       |       |     3 ||     3
       Evoke Invisibilit |       |       |     1 ||     1
Evoke: Wand              |       |     1 |       ||     1
  Use: Scroll            |     3 |     5 |     2 ||    10
       Potion            |       |     4 |     1 ||     5
 Stab: Sleeping          |     1 |     1 |       ||     2
       Distracted        |       |     2 |       ||     2
       Invisible         |       |       |     3 ||     3
  Eat: Chunk             |     4 |     5 |     4 ||    13
Armor: Skin              |    17 |    31 |    51 ||    99
Dodge: Dodged            |    25 |   129 |    73 ||   227

Table legend:
 A = Spawn XP
 B = Non-spawn XP
 C = Spawn XP percentage of total XP
 D = Spawn monster count
 E = Non-spawn monster count
 F = Spawn count percentage of total count
 G = Total turns spent on level
                    A         B        C        D         E        F      G
               +---------+---------+-------+---------+---------+-------+---------
         Total |       0 |    2093 |   0.0 |       0 |     132 |   0.0 |  3304
               +---------+---------+-------+---------+---------+-------+---------
           D:1 |       0 |      48 |   0.0 |       0 |      27 |   0.0 |   991
           D:2 |       0 |     126 |   0.0 |       0 |      45 |   0.0 |   768
           D:3 |       0 |     140 |   0.0 |       0 |      24 |   0.0 |   620
           D:4 |       0 |     626 |   0.0 |       0 |      15 |   0.0 |   436
           D:5 |       0 |     760 |   0.0 |       0 |      16 |   0.0 |   280
           D:6 |       0 |     296 |   0.0 |       0 |       4 |   0.0 |   146
           D:7 |       0 |      97 |   0.0 |       0 |       1 |   0.0 |    63
               +---------+---------+-------+---------+---------+-------+---------

Table legend:
 A = Turns spent in this place as a percentage of turns spent in the entire game.
 B = Non-inter-level travel turns spent in this place as a percentage of non-inter-level travel turns spent in the entire game.
 C = Inter-level travel turns spent in this place as a percentage of turns spent in this place.
 D = Turns resting spent in this place as a percentage of non-inter-level travel turns spent in this place.
 E = Turns spent auto-exploring this place as a percentage of non-inter-level travel turns spent in this place.
 F = Non-inter-level travel turns spent in this place divided by the number of levels of this place that you've seen.
                   A       B       C       D       E      F
               +-------+-------+-------+-------+-------+----------------------
         Total | 100.0 | 100.0 |   3.2 |   0.0 |   0.0 | 457.0
       Dungeon | 100.0 | 100.0 |   3.2 |   0.0 |   0.0 | 457.0
               +-------+-------+-------+-------+-------+----------------------

Table legend:
 A = Kills in this place as a percentage of kills in entire the game.
 B = Kills by you in this place as a percentage of kills by you in the entire game.
 C = Kills by friends in this place as a percentage of kills by friends in the entire game.
 D = Other kills in this place as a percentage of other kills in the entire game.
 E = Experience gained in this place as a percentage of experience gained in the entire game.
 F = Experience gained in this place divided by the number of levels of this place that you have seen.
                   A       B       C       D       E      F
               +-------+-------+-------+-------+-------+----------------------
         Total | 100.0 | 100.0 | 100.0 |   N/A | 100.0 | 299.0
       Dungeon | 100.0 | 100.0 | 100.0 |   N/A | 100.0 | 299.0
               +-------+-------+-------+-------+-------+----------------------

Vault maps used:
D:1:      dpeg_arrival_three_same_balls
D:2:      minmay_roachtagon, old_standard_altar, nicolae_overflow_hidden_temple
D:3:      gammafunk_steamed_eel, grunt_temple_overflow_gold_and_silver,
          grunt_temple_overflow_open, makhleb_altar_promises_db
D:4:      nicolae_overflow_crystal_walls, portal_sewer_entry_d, uniq_eustachio,
          uniq_natasha, uniq_duvessa, uniq_crazy_yiuf_cottage
D:5:      cheibrodos_thug_alley, minmay_temple_entry_crystal_x, enter_ossuary_5,
          first_bread, uniq_grinder, uniq_prince_ribbit1, uniq_sigmund,
          uniq_edmund
D:6:      trog_wizard, uniq_menkaure
D:7:      lemuel_coloured_pillars_altar, serial_shops, nicolae_shop_crystal
